 Dungeon Crawl Stone Soup version 0.26.1-16-g4e020e15dc (webtiles) character file.

Game seed: 17371190207565240796

18388 Pelmen the Arsonist (level 12, 0/76 (82) HPs)
             Began as a Yellow Draconian Fire Elementalist on June 29, 2023.
             Was an Initiate of Gozag.
             Slain by a sixfirhy (14 damage)
             ... on level 2 of the Orcish Mines on June 30, 2023.
             The game lasted 02:02:18 (24529 turns).

Pelmen the Arsonist (DrFE)                         Turns: 24529, Time: 02:02:19

HP:   0/76 (82)     AC: 13    Str: 14    XL:     12   Next: 27%
MP:   17/24         EV: 11    Int: 19    God:    Gozag
Gold: 1517          SH:  4    Dex: 12    Spells: 12/28 levels left

rFire    + + .     SeeInvis .   n - +2 trident (elec)
rCold    + . .     Faith    .   K - +1 buckler {rC+ rF+}
rNeg     . . .     Spirit   .   (armour unavailable)
rPois    +         Reflect  .   (helmet restricted)
rElec    .         Harm     .   a - scarf {repulsion}
rCorr    +         Rampage  .   O - +2 pair of gloves of Quodagej {rPois Regen+ Str+2 Stlth-}
Will     +....                  p - +1 pair of boots
Stlth    +.........             v - amulet of regeneration
HPRegen  1.02/turn              F - ring of protection from fire
MPRegen  0.19/turn              y - ring of willpower

@: short of breath, studying Unarmed Combat, drained, repel missiles
A: spit acid, unfitting armour, cold-blooded, acid resistance, AC +8
a: Breathe Acid, Renounce Religion, Potion Petition, Call Merchant, Bribe Branch


You were on level 2 of the Orcish Mines.
You worshipped Gozag.
Gozag was most pleased with you.
You visited 3 branches of the dungeon, and saw 13 of its levels.
You also visited: Sewer and Ossuary.

You collected 2753 gold pieces.
You spent 1041 gold pieces at shops.
You paid 195 gold pieces to Gozag.

Inventory:

Hand Weapons
 e - a +0 short sword
 f - a +1 dagger of venom
 n - a +2 trident of electrocution (weapon)
Armour
 a - a scarf of repulsion (worn)
 p - a +1 pair of boots (worn)
 K - a +1 buckler of resistance (worn)
 O - the +2 pair of gloves of Quodagej (worn) {rPois Regen+ Str+2 Stlth-}
   (You bought it in a shop on level 8 of the Dungeon)

   It affects your strength (+2).
   It protects you from poison.
   It increases your rate of regeneration.
   It makes you less stealthy.
Jewellery
 v - an amulet of regeneration (around neck)
 x - an uncursed ring of wizardry
 y - a ring of willpower (right hand)
 z - a +4 ring of slaying
 F - a ring of protection from fire (left hand)
Wands
 i - a wand of iceblast (6)
 j - a wand of paralysis (4)
 A - a wand of polymorph (8)
Scrolls
 c - 4 scrolls of remove curse
 l - 2 scrolls of enchant armour
 o - a scroll of fog
 r - 2 scrolls of magic mapping
 s - a scroll of vulnerability
 t - 6 scrolls of immolation
 B - 4 scrolls of amnesia
 D - a scroll of silence
Potions
 b - a potion of berserk rage
 g - 2 potions of curing
 u - a potion of flight
 w - a potion of ambrosia
 G - 4 potions of haste
 H - 2 potions of magic
Books
 J - a manual of Unarmed Combat
Miscellaneous
 d - a lightning rod (inert)


   Skills:
 - Level 0.4 Fighting
 - Level 5.8 Short Blades
 * Level 5.0 Polearms
 - Level 1.7 Dodging
 + Level 3.9 Stealth
 + Level 0.2 Shields
 + Level 8.9 Spellcasting
 * Level 11.3 Conjurations
 - Level 1.0 Hexes
 * Level 11.3 Fire Magic
 + Level 1.0 Evocations


You had 12 spell levels left.
You knew the following spells:

 Your Spells              Type           Power        Failure   Level
a - Foxfire               Conj/Fire      100%         1%          1
b - Sticky Flame          Conj/Fire      51%          1%          4
c - Conjure Flame         Conj/Fire      51%          1%          3
d - Fireball              Conj/Fire      25%          3%          5
e - Inner Flame           Hex/Fire       32%          3%          3

Your spell library contained the following spells:

 Spells                   Type           Power        Failure   Level
 Corona                   Hex            13%          9%          1
 Animate Skeleton         Necr           16%          14%         1
 Apportation              Tloc           16%          14%         1
 Beastly Appendage        Tmut           16%          14%         1
 Pain                     Necr           32%          14%         1
 Summon Small Mammal      Summ           32%          14%         1
 Wereblood                Tmut           8%           21%         2
 Spider Form              Tmut/Pois      4%           38%         3
 Vampiric Draining        Necr           4%           38%         3
 Animate Dead             Necr           4%           80%         4
 Ice Form                 Ice/Tmut       8%           80%         4
 Summon Lightning Spire   Summ/Air       8%           80%         4
 Conjure Ball Lightning   Conj/Air       15%          90%         6
 Silence                  Hex/Air        5%           97%         5
 Agony                    Necr           8%           98%         5
 Blade Hands              Tmut           4%           98%         5
 Tornado                  Air            4%           100%        9


Dungeon Overview and Level Annotations

Branches:
Dungeon (10/15)            Temple (1/1) D:7             Orc (2/2) D:10
    Elf (0/3) Orc:2         Sewer (visited)         Ossuary (visited)
   Lair: D:8-11

Altars:
Ashenzari
Cheibriados
Dithmenos
Elyvilon
Fedhas
Gozag
Hepliaklqana
Kikubaaqudgha
Makhleb
Nemelex Xobeh
Okawaru
Qazlal
Ru
Sif Muna
Trog
Uskayaw
Vehumet
Wu Jian
Xom
Yredelemnul
Zin
The Shining One
Beogh

Shops:
D:8 }[[([   Orc:2 ?*

Annotations:
D:9 3 runed translucent doors, morax's ghost, novice GrFi


Innate Abilities, Weirdness & Mutations

You can spit globs of acid.
Your golden yellow scales are hard. (AC +8)
You cannot fit into any form of body armour.
You are cold-blooded and may be slowed by cold attacks.
You are resistant to acid. (rCorr)


Message History

The sixfirhy is severely wounded.
The sixfirhy burns!
The sixfirhy hits you. The sixfirhy shocks you!
The sixfirhy hits you but does no damage.
The sixfirhy completely misses you.
Unknown command.
You barely miss the sixfirhy.
The sixfirhy is severely wounded.
The sixfirhy burns!
The sixfirhy burns!
The sixfirhy burns!
The sixfirhy closely misses you. The sixfirhy hits you!
The sixfirhy shocks you!
* * * LOW HITPOINT WARNING * * *
The sixfirhy hits you but does no damage.
Things that are here:
a +0 leather armour; a +0 falchion You miss the sixfirhy.
The sixfirhy is almost dead.
The sixfirhy burns!
The sixfirhy hits you!
You die...
Your body crumbles into a pile of gold.

**,,,,,,,,,***,,****,,,***,**
**,,,,,,,*###*..#***,** ***
*,,,,,,,*##.###..#**$,*
**,,,,$,**#...###..#****
*,,,,,****,#.#.###..#*
**,*,***#...#[..###..##
******#...###...###..##
*#..$#*,##3..###..##
*#...#*,,,##@.......##
**...#*,,*,,##)..#....##
**,#.#*,,***,,##....#...##
**,,3.,,,**,∩*,,##.[...#.∩##
*,,,,,*,**∩,,,,,,##..#.....#
**,,,,,,,**,∩*,,##.....#.∩##
**,*,**,,***,,##....#...##
###*,,,**,,*,,##...#....####
##.##*,,,**,,,*#.....[..###.##


You could see a sixfirhy (burning, corroded).

Vanquished Creatures
  A two-headed ogre (D:8)
  A tengu warrior (D:10)
  2 orc high priests
  A soul eater (Orc:2)
  An unseen horror (D:9)
  An orc knight (Orc:2)
  An orc sorcerer (Orc:2)
  A manticore (D:6)
  A cyclops (Orc:2)
  Joseph (D:7)
  An orange demon (Orc:1)
  Maggie (D:7)
  3 trolls
  An ice devil (Orc:2)
  The ghost of Sapher the Ruffian, an amateur TrEE (D:6)
  Eustachio (D:5)
  9 yaks
  A chaos spawn (Orc:2)
  A warg (Orc:2)
  Duvessa (D:5)
  3 water moccasins
  19 orc warriors
  3 ice beasts
  5 sky beasts
  3 black bears
  3 phantoms
  2 centaurs
  17 ogres
  8 bullfrogs
  2 elf zombies (Ossuary)
  A wyvern skeleton (D:10)
  Dowan (D:5)
  A water moccasin zombie (D:8)
  4 scorpions
  17 killer bees
  4 wights
  6 howler monkeys
  2 centaur zombies
  A bullfrog zombie (D:6)
  6 hounds
  A bullfrog skeleton (D:10)
  2 centaur skeletons
  A jelly (D:5)
  12 orc wizards
  Crazy Yiuf (D:5)
  15 orc priests
  3 human zombies (Ossuary)
  An iguana (D:8)
  A killer bee zombie (D:8)
  8 worker ants
  2 big kobold zombies (Ossuary)
  A hound zombie (D:6)
  A hound skeleton (D:10)
  A mummy (Ossuary)
  4 worker ant zombies
  21 adders
  3 river rats
  6 shadow imps
  2 white imps
  7 ufetubi
  An ooze (D:6)
  An adder zombie (Ossuary)
  An adder skeleton (D:9)
  8 worms
  5 leopard geckos
  68 orcs
  A ball python (D:2)
  10 bats
  2 bat zombies (D:5)
  8 giant cockroaches
  12 goblins
  10 hobgoblins
  6 jackals
  9 kobolds
  5 quokkas
  9 frilled lizards
  7 hobgoblin zombies (Ossuary)
  2 jackal zombies
  13 kobold zombies (Ossuary)
  A leopard gecko skeleton (D:6)
  6 orc zombies (Ossuary)
  A quokka skeleton (D:6)
  12 rats
  3 rat zombies (D:5)
433 creatures vanquished.

Vanquished Creatures (others)
  858 foxfires
  A fungus (D:1)
  A plant (Temple)
  5 toadstools (D:1)
865 creatures vanquished.

Grand Total: 1298 creatures vanquished

Notes
Turn   | Place    | Note
-------+----------+-------------------------------------------
     0 | D:1      | Pelmen the Draconian Fire Elementalist began the quest for
                  | the Orb.
     0 | D:1      | Reached XP level 1. HP: 14/14 MP: 3/3
   392 | D:1      | Reached XP level 2. HP: 19/20 MP: 0/5
  1625 | D:2      | Reached XP level 3. HP: 26/26 MP: 4/6
  2496 | D:2      | Reached XP level 4. HP: 33/33 MP: 3/8
  3503 | D:3      | Reached XP level 5. HP: 19/38 MP: 4/9
  3571 | D:3      | Found a glowing drain.
  3579 | Sewer    | Entered a sewer
  3916 | Sewer    | Noticed Purgy
  4261 | D:3      | Found an iron altar of Okawaru.
  4972 | D:3      | Reached XP level 6. HP: 46/46 MP: 8/10
  5357 | D:3      | Learned a level 4 spell: Sticky Flame
  5570 | D:4      | Found a hazy altar of Hepliaklqana.
  5638 | D:4      | Reached skill level 1 in Short Blades
  5894 | D:4      | Reached skill level 5 in Fire Magic
  6139 | D:4      | Your scales start taking on a golden yellow colour.
  6139 | D:4      | Reached XP level 7. HP: 51/51 MP: 5/12
  6139 | D:4      | Gained mutation: You are resistant to acid. (rCorr) [Yellow
                  | Draconian growth]
  6647 | D:5      | Entered Level 5 of the Dungeon
  6835 | D:5      | Found a sand-covered staircase.
  6840 | Ossuary  | Entered an ossuary
  8244 | D:5      | Noticed Duvessa
  8246 | D:5      | Noticed Dowan
  8269 | D:5      | Killed Duvessa
  8270 | D:5      | Reached XP level 8. HP: 53/58 MP: 3/14
  8276 | D:5      | Killed Dowan
  8491 | D:5      | Found a runed translucent door.
  8492 | D:5      | Noticed Crazy Yiuf
  8521 | D:5      | Found a shadowy altar of Dithmenos.
  8680 | D:5      | Noticed Eustachio
  8687 | D:5      | Killed Eustachio
  8688 | D:5      | Reached skill level 5 in Conjurations
  8845 | D:5      | Found an ancient bone altar of Kikubaaqudgha.
 10005 | D:5      | Reached skill level 5 in Spellcasting
 10152 | D:5      | Killed Crazy Yiuf
 10420 | D:6      | Learned a level 3 spell: Conjure Flame
 10853 | D:6      | Reached XP level 9. HP: 44/63 MP: 5/16
 10954 | D:6      | Found an opulent altar of Gozag.
 11002 | D:6      | Found a runed translucent gate.
 11099 | D:6      | Found a runed translucent gate.
 11100 | D:6      | Found a runed translucent gate.
 11102 | D:6      | Noticed Sapher's ghost (amateur TrEE)
 11151 | D:6      | Found an opulent altar of Gozag.
 11378 | D:6      | Found an opulent altar of Gozag.
 11382 | D:6      | Found a broken altar of Ashenzari.
 11387 | D:6      | Found a sparkling altar of Nemelex Xobeh.
 11414 | D:6      | Noticed a manticore
 11420 | D:6      | Killed a manticore
 11421 | D:6      | Reached skill level 5 in Short Blades
 11639 | D:6      | Learned a level 5 spell: Fireball
 11952 | D:6      | Killed Sapher's ghost
 12572 | D:7      | Noticed Joseph
 12578 | D:7      | Learned a level 3 spell: Inner Flame
 12605 | D:7      | Found a staircase to the Ecumenical Temple.
 12608 | D:7      | Killed Joseph
 13232 | D:7      | Found a blossoming altar of Fedhas.
 13235 | D:7      | Found a white marble altar of Elyvilon.
 13235 | D:7      | Found a shimmering altar of Xom.
 13241 | D:7      | Noticed Maggie
 13307 | D:7      | Killed Maggie
 13308 | D:7      | Reached XP level 10. HP: 27/70 MP: 0/19
 13446 | D:7      | Found a glowing silver altar of Zin.
 13446 | D:7      | Found a bloodstained altar of Trog.
 13446 | D:7      | Found a stormy altar of Qazlal.
 13520 | D:7      | Found a broken altar of Ashenzari.
 13563 | D:7      | Reached skill level 1 in Hexes
 13639 | Temple   | Entered the Ecumenical Temple
 14128 | D:6      | Became a worshipper of Gozag Ym Sagoz the Greedy
 14650 | D:8      | Found Unorif's Weapon Boutique.
 15395 | D:8      | Found Nythrad's Gadget Shoppe.
 15403 | D:8      | Bought a wand of acid (7) for 308 gold pieces
 15553 | D:8      | Noticed a two-headed ogre
 15592 | D:8      | Killed a two-headed ogre
 15891 | D:8      | Found Ymur's Armour Shop.
 15899 | D:8      | Bought a cursed +0 pair of gloves for 49 gold pieces
 16001 | D:8      | Found Hopsagre's Armour Shoppe.
 16009 | D:8      | Bought a scarf of harm for 117 gold pieces
 16136 | D:8      | Found Liaskaci's Armour Boutique.
 16280 | D:8      | Found a radiant altar of Vehumet.
 16303 | D:8      | Bought a scarf of repulsion for 168 gold pieces
 16806 | D:9      | Found a runed translucent gate.
 16806 | D:9      | Found a runed translucent gate.
 16806 | D:9      | Found a runed translucent gate.
 16808 | D:9      | Found an opulent altar of Gozag.
 16811 | D:9      | Noticed morax's ghost (novice GrFi)
 16820 | D:9      | Found a blossoming altar of Fedhas.
 17177 | D:9      | Found a burning altar of Makhleb.
 17177 | D:9      | Noticed a balrug
 17635 | D:9      | Found a shimmering blue altar of Sif Muna.
 17773 | D:10     | Entered Level 10 of the Dungeon
 17785 | D:10     | Reached XP level 11. HP: 75/75 MP: 14/22
 18460 | D:10     | Reached skill level 1 in Polearms
 18613 | D:9      | Noticed an unseen horror
 18613 | D:9      | Killed an unseen horror
 18614 | D:9      | Reached skill level 10 in Fire Magic
 18614 | D:9      | Reached skill level 1 in Evocations
 19212 | D:10     | Reached skill level 10 in Conjurations
 20372 | D:10     | Noticed a tengu warrior
 20392 | D:10     | Killed a tengu warrior
 20839 | D:10     | Found a staircase to the Orcish Mines.
 20844 | D:10     | Found a roughly hewn altar of Beogh.
 21064 | D:8      | Bought the +2 pair of gloves of Quodagej {rPois Regen+
                  | Str+2 Stlth-} for 399 gold pieces
 21175 | Orc:1    | Entered Level 1 of the Orcish Mines
 21350 | Orc:2    | Entered Level 2 of the Orcish Mines
 22095 | Orc:2    | Noticed an orc high priest
 22219 | Orc:2    | Killed an orc high priest
 22766 | Orc:2    | Found a radiant altar of Vehumet.
 23078 | Orc:2    | Noticed an orc knight
 23280 | Orc:2    | Noticed an orc high priest
 23347 | Orc:1    | Killed an orc high priest
 23348 | Orc:1    | Reached XP level 12. HP: 34/82 MP: 0/24
 23512 | Orc:2    | Found Jebrufex's General Store.
 23843 | Orc:2    | Found Luquasee's Magic Scroll Shop.
 24516 | Orc:2    | Reached skill level 5 in Polearms
 24529 | Orc:2    | Slain by a sixfirhy

Illustrated notes

Levels and vault maps discovered:
D:1:      minmay_arrival_arboretum_small, layout_basic, minmay_gold_behind_fungi
D:2:      minmay_alternating_diamond, layout_loops_corners,
          minmay_misc_feat_encased, minmay_tromino_v4_c
D:3:      minmay_chambers_of_threes, layout_loops_ring,
          lightli_sewer_entry_pipes, minmay_misc_feat_cross, okawaru_gym_becter
D:4:      layout_cave_pods, lemuel_doored_altar
D:5:      kennysheep_windowed_halls, layout_loops_ring,
          lemuel_zombie_altar_kikubaaqudgha,
          nicolae_ossuary_entry_false_entrances, grunt_ministairs_12,
          minmay_misc_feat_columns, nicolae_dithmenos_shadow_blocks,
          uniq_eustachio, uniq_crazy_yiuf_cottage, uniq_duvessa
D:6:      layout_basic, grunt_temple_overflow_diamond, ebering_ghost_gozag,
          nicolae_gozag_seed_capital
D:7:      layout_loops_ring, doesnt_xom_only_xom,
          minmay_temple_entry_junction_2, david_defended_altar_elf, uniq_maggie,
          uniq_joseph
D:8:      layout_loops_ring, lemuel_coloured_pillars_altar, serial_shops,
          nicolae_shop_stone, nicolae_shop_competitors_out_of_business,
          nicolae_shop_competitors_out_of_business, nicolae_shop_trees,
          kennysheep_mini, minmay_manual_monstrance
D:9:      layout_small_grid, fedhas_altar_2, makhleb_altar_promises_db,
          led_sif_pool, ebering_ghost_gozag, minmay_misc_feat_five,
          minmay_radiant
D:10:     minmay_bloctagon, layout_basic, minmay_orc_entry_temple_small,
          chequers_serial_rivers_large_b
Temple:   minmay_temple_forest_path
Orc:1:    layout_diamond_mine, serial_shops, nicolae_shop_behind_doors,
          basic_altar, uniq_jorgrun
Orc:2:    pf_orc_diabolical, layout_caves, basic_altar, uniq_donald

Skill      XL: |  1  2  3  4  5  6  7  8  9 10 11 12 |
---------------+-------------------------------------+-----
Stealth        | 2 3 |  3.9
Conjurations   | 2 3 4 5 7 9 11 | 11.3
Fire Magic     | 4 5 6 8 9 10 11 | 11.3
Spellcasting   | 3 4 5 6 7 8 |  8.9
Short Blades   | 1 3 4 5 |  5.8
Hexes          | 1 |  1.0
Polearms       | 4 5 |  5.0
Evocations     | 1 |  1.0
Fighting       | |  0.4
Dodging        | |  1.7
Shields        | |  0.2

Action                   |  1- 3 |  4- 6 |  7- 9 | 10-12 || total
-------------------------+-------+-------+-------+-------++-------
Melee: Short sword       |     5 |       |       |       ||     5
       Unarmed           |     4 |       |       |       ||     4
       Dagger            |    32 |    73 |   199 |   105 ||   409
       Tailslap          |       |     6 |    15 |    30 ||    51
       Trident           |       |       |       |   195 ||   195
 Cast: Foxfire           |    88 |   148 |   229 |    95 ||   560
       Sticky Flame      |       |       |    41 |    26 ||    67
       Conjure Flame     |       |       |     8 |     4 ||    12
       Fireball          |       |       |    16 |   175 ||   191
       Inner Flame       |       |       |     5 |     7 ||    12
 Abil: Breathe Acid      |       |       |    17 |    27 ||    44
Evoke: Wand              |       |       |     9 |     8 ||    17
       Lightning rod     |       |       |       |     9 ||     9
  Use: Scroll            |     6 |     3 |    10 |    10 ||    29
       Potion            |       |     6 |     2 |     7 ||    15
 Stab: Sleeping          |       |     1 |       |       ||     1
       Distracted        |       |       |       |     1 ||     1
Armor: Skin              |    25 |    57 |    98 |   151 ||   331
Dodge: Dodged            |    52 |    90 |   164 |   216 ||   522
Block: Buckler           |       |       |       |    13 ||    13
